 Dungeon Crawl Stone Soup version 0.17.0-15-g6d90897 (webtiles) character file.

197327 dorian the Bludgeoner (level 18, -9/309 HPs)
             Began as an Ogre Hunter on Nov 10, 2015.
             Was a High Priest of Trog.
             Mangled by Agnes
             ... wielding a +5 lajatang of electrocution
              (22 damage)
             ... on level 1 of the Spider Nest.
             The game lasted 02:21:08 (43918 turns).

dorian the Bludgeoner (Ogre Hunter)                Turns: 43918, Time: 02:21:09

Health: -9/309     AC: 21    Str: 34    XL:     18   Next: 40%
Magic:  0/27       EV: 11    Int: 11    God:    Trog [*****.]
Gold:   2780       SH:  0    Dex:  8    Spells: 0 memorised, 17 levels left

rFire  . . .     SeeInvis +     x - +7 war axe "Iqisew" {chop, rF- MR+ Int+5 SInv}
rCold  . . .     Clarity  .     g - +0 swamp dragon armour
rNeg   . . .     SustAt   .     (no shield)
rPois  +         Gourm    .     K - +1 hat "Biuqui" {Dex+2}
rElec  .         Spirit   +     v - +2 cloak
rCorr  .         Warding  .     (gloves unavailable)
rMut   .         Stasis   .     (boots unavailable)
MR     ++++.                    z - amulet of guardian spirit
Stlth  ..........               j - +4 ring of protection
                                b - ring "Icyd Ubo" {rF+ MP+9 Str+2 Int-4 Dex-5}

@: berserking, very slightly contaminated, regenerating, invisible, very quick,
incredibly resistant to hostile enchantments, extremely unstealthy
A: unfitting armour, horns 1, tough skin 1
a: Berserk, Trog's Hand, Brothers in Arms, Burn Spellbooks, Renounce Religion
}: 1/15 runes: decaying


You were on level 1 of the Spider Nest.
You worshipped Trog.
Trog was extremely pleased with you.
You were hungry.

You visited 6 branches of the dungeon, and saw 33 of its levels.

You collected 3377 gold pieces.
You spent 597 gold pieces at shops.

Inventory:

Hand Weapons
 t - the +9 giant club of Law {flame, rF+ rN+ Str+3}
   (Trog gifted it to you on level 14 of the Dungeon)

   It has been specially enchanted to burn those struck by it, causing extra
   injury to most foes and up to half again as much damage against particularly
   susceptible opponents.
   It affects your strength (+3).
   It protects you from fire.
   It protects you from negative energy.
 x - the +7 war axe "Iqisew" (weapon) {chop, rF- MR+ Int+5 SInv}
   (You found it on level 4 of the Dungeon)

   It inflicts extra damage upon your enemies.
   It affects your intelligence (+5).
   It makes you vulnerable to fire.
   It affects your resistance to hostile enchantments.
   It lets you see invisible.
 y - a +9 antimagic giant spiked club
Missiles
 E - a javelin
 R - 50 tomahawks (quivered)
 S - 4 poisoned javelins
 X - 35 large rocks
 Y - 14 poisoned tomahawks
Armour
 g - a +0 swamp dragon armour (worn)
 u - a +0 fire dragon armour
 v - a +2 cloak (worn)
 K - the +1 hat "Biuqui" (worn) {Dex+2}
   (You acquired it on level 8 of the Lair of Beasts)

   It affects your dexterity (+2).
 U - a +0 troll leather armour
Jewellery
 b - the ring "Icyd Ubo" (left hand) {rF+ MP+9 Str+2 Int-4 Dex-5}
   (You found it on level 4 of the Dungeon)

   [ring of intelligence]

   It affects your strength (+2).
   It affects your intelligence (-4).
   It affects your dexterity (-5).
   It protects you from fire.
   It affects your magic capacity (+9).
 j - a +4 ring of protection (right hand)
 z - an amulet of guardian spirit (around neck)
 C - the ring "Sowoelig" {SustAt *Corrode rF+ rN+ MR+}
   (You found it on level 1 of the Swamp)

   [ring of sustain attributes]

   It sustains your strength, intelligence and dexterity.
   It protects you from fire.
   It protects you from negative energy.
   It affects your resistance to hostile enchantments.
   It may corrode your equipment when you take damage.
 I - an uncursed ring of positive energy
 O - the ring of Adoav {Fire MR+ Dex+4}
   (You found it on level 8 of the Lair of Beasts)

   [ring of fire]

   It enhances your fire magic, and weakens your ice magic.
   It affects your dexterity (+4).
   It protects you from fire.
   It makes you vulnerable to cold.
   It affects your resistance to hostile enchantments.
 Q - an uncursed ring of sustain attributes
Wands
 l - a wand of digging (8)
 n - a wand of cold (10)
 o - a wand of random effects (17)
 q - a wand of draining (10)
 w - a wand of cold (8)
 H - a wand of flame (28)
 L - a wand of fire (6)
 M - a wand of fireball (9)
Scrolls
 d - 9 scrolls of recharging
 k - 9 scrolls of identify
 p - 8 scrolls of teleportation
 r - a scroll of magic mapping
 G - a scroll of torment {unknown}
 J - a scroll of blinking {unknown}
 V - 13 scrolls of remove curse
Potions
 a - 4 potions of might
 c - 2 potions of flight
 h - 2 potions of invisibility
 m - a potion of resistance
 s - 2 potions of curing
 A - 2 potions of agility
 B - 2 potions of berserk rage
 D - a potion of cancellation
 Z - a potion of haste
Books
 i - a book of Dreams

   Spells                             Type                      Level
   a - Ensorcelled Hibernation        Hexes/Ice                    2
   b - Phase Shift                    Translocation                5
   c - Shadow Creatures               Summoning                    5
   d - Silence                        Hexes/Air                    5
   e - Darkness                       Hexes                        6
   f - Mass Confusion                 Hexes                        6
   Trog disapproves of the use of such an item.
 N - a Fen Folio

   Spells                             Type                      Level
   a - Corpse Rot                     Necromancy                   2
   b - Stone Arrow                    Conjuration/Earth            3
   c - Leda's Liquefaction            Hexes/Earth                  4
   d - Summon Forest                  Summoning/Translocation      5
   e - Hydra Form                     Transmutation                6
   f - Summon Hydra                   Summoning                    7
   Trog disapproves of the use of such an item.
Miscellaneous
 T - a disc of storms
 W - a stone of tremors
Comestibles
 e - 16 bread rations
 f - 2 meat rations
 P - 5 chunks of flesh


   Skills:
 + Level 18.9 Fighting
 - Level 20.4 Maces & Flails
 + Level 15.3 Throwing
 + Level 13.9 Armour
 - Level 6.6 Dodging
 - Level 0.7 Stealth


You had 17 spell levels left.
You didn't know any spells.

Dungeon Overview and Level Annotations

Branches:
Dungeon (15/15)            Temple (1/1) D:6            Lair (8/8) D:11
  Swamp (4/4) Lair:4       Spider (1/4) Lair:6        Slime (0/6) Lair:7
    Orc (4/4) D:10            Elf (0/3) Orc:4        Vaults (0/5) D:13
 Depths (0/5) D:15

Altars:
Ashenzari
Dithmenos
Elyvilon
Fedhas
Gozag
Makhleb
Nemelex Xobeh
Okawaru
Qazlal
Sif Muna
Trog
Vehumet
Yredelemnul
Zin
The Shining One
Beogh
Jiyva

Shops:
D:7 ?   D:11 !   Orc:1 %   Orc:4 =}}:

Portals:
Trove: D:11 (give 17 potions of curing)

Annotations:
Swamp:3 exclusion: 2 oklob plants
Spider:1 Agnes


Innate Abilities, Weirdness & Mutations

You are too large for most types of armour.
You have tough skin (AC +1).
You have a pair of small horns on your head.


Message History

Trog accepts your kill.
You slash the demonic crawler!
The demonic crawler is severely wounded.
A trapdoor spider leaps out from its hiding place under the floor!
The spider barely misses you. Agnes completely misses you.
A wolf spider comes into view.
You barely miss Agnes.
Agnes is almost dead.
You slice the spider!!
You kill the spider!
Trog accepts your kill.
You slash the demonic crawler!
The demonic crawler is almost dead.
The wolf spider hisses angrily.
The demonic crawler hits you but does no damage.
The demonic crawler hits you!
* * * LOW HITPOINT WARNING * * *
The demonic crawler barely misses you.
Agnes hits you with a lajatang of electrocution!!
You die...

................. ...
................... ...
............s....... ...
..................... ....
....................^ .....
..................... ......
#.......%....(ss.......
.......
#...........(sis.......
........
#.#.......(..†@.......
........
#≈...........^................
#≈...........................
##...^.......................
##...........................
#≈≈..........^........[...^..
##...........................
#≈...........................
##.....>............(........


You could see Agnes (invisible), a demonic crawler, a wolf spider (wandering),
an orb spider, a trapdoor spider and a tarantella.

Vanquished Creatures
  the Lernaean hydra (Swamp:4)
  Rupert (Orc:3)
  2 thorn hunters (Swamp:3)
  Donald (Orc:4)
  An orc warlord (Orc:3)
  Maud (D:14)
  A very ugly thing (Swamp:1)
  Azrael (D:15)
  A salamander stormcaller (D:14)
  Snorg (Lair:7)
  Josephine (D:10)
  A fire dragon (D:14)
  5 centaur warriors
  An ogre mage (D:15)
  31 hydras
  9 alligators
  The ghost of puimuR the Severer, a journeyman DsBe of Trog (Orc:3)
  2 dancing weapons (D:13)
  A tengu warrior (D:13)
  21 death yaks
  8 orc high priests (Orc:4)
  Sonja (Lair:2)
  Nergalle (Orc:2)
  The ghost of CrazyArbalest the Quickloader, a novice MiHu of Okawaru (D:7)
  A deep elf knight (Orc:4)
  A giant orange brain (D:14)
  2 spriggan druids (Swamp:4)
  10 shambling mangroves
  3 unseen horrors
  A deep elf conjurer (D:14)
  11 swamp dragons
  A harpy (D:14)
  3 orb spiders (Spider:1)
  The ghost of Britaniac the Transmogrifier, a novice NaTm (D:5)
  6 hill giants
  11 hornets
  A manticore (D:14)
  5 orc knights
  An orc sorcerer (D:15)
  3 wizards
  2 cyclopes
  3 griffons
  11 ugly things
  8 black mambas
  A naga mage (D:15)
  Maurice (Orc:3)
  A centaur zombie (D:10)
  30 elephants
  2 gargoyles (D:15)
  2 torpor snails
  29 spiny frogs
  4 centaur skeletons
  A kobold demonologist (D:14)
  7 komodo dragons
  A freezing wraith (D:14)
  2 demonic crawlers (Spider:1)
  3 tengu conjurers
  4 trolls
  2 polar bears
  3 two-headed ogres
  9 giant leeches
  7 bog bodies
  A jumping spider (Spider:1)
  33 blink frogs
  14 slime creatures
  A hornet zombie (D:15)
  3 shadows
  A boulder beetle (Lair:8)
  5 wraiths
  8 trapdoor spiders
  4 redbacks (Spider:1)
  Sigmund (D:6)
  2 deep elf magi
  60 yaks
  6 spriggans
  2 tarantellas (Spider:1)
  A wyvern (D:11)
  2 fire elementals (D:15)
  A hungry ghost (D:15)
  10 wargs
  A basilisk (Lair:3)
  9 hippogriffs
  Menkaure (D:7)
  20 swamp worms
  13 wolves
  3 hell hounds (D:15)
  Edmund (D:6)
  20 vampire mosquitoes
  15 insubstantial wisps
  10 water moccasins
  A mottled dragon (D:14)
  17 orc warriors
  8 porcupines
  7 spiders
  8 swamp drakes (Swamp:4)
  A black bear (Lair:1)
  12 ogres
  An eye of draining (D:14)
  An ice beast (D:13)
  A sky beast (D:7)
  20 wasps
  13 centaurs
  22 crocodiles
  2 phantoms
  41 giant frogs
  3 big kobolds
  8 scorpions
  10 killer bees
  7 wights
  10 hounds
  2 giant frog zombies
  7 electric eels
  A quasit (D:7)
  3 crimson imps
  42 orc priests
  5 jellies
  31 orc wizards
  A giant frog skeleton (D:8)
  7 iguanas
  Natasha (thrice) (D:3)
  5 worker ants
  21 sheep
  Robin (D:3)
  77 river rats
  3 gnolls (D:2)
  9 adders
  4 shadow imps
  12 white imps (Lair:4)
  An ooze (D:4)
  An adder skeleton (D:6)
  3 worms (D:2)
  4 giant geckos
  184 orcs
  14 goblins
  7 hobgoblins
  15 jackals
  2 quokkas
  3 ball pythons
  A ball python skeleton (D:4)
  12 bats
  2 giant cockroaches
  6 giant newts
  A jackal skeleton (D:5)
  A jackal zombie (D:7)
  8 kobolds
  12 rats
  5 briar patches (Swamp:3)
  4 plants
1250 creatures vanquished.

Vanquished Creatures (others)
  An orc wizard (Orc:2)
  37 fungi
  32 plants
70 creatures vanquished.

Grand Total: 1320 creatures vanquished

Notes
Turn   | Place    | Note
--------------------------------------------------------------
     0 | D:1      | dorian the Ogre Hunter began the quest for the Orb.
     0 | D:1      | Reached XP level 1. HP: 22/22 MP: 1/1
   105 | D:1      | Reached skill level 1 in Maces & Flails
   119 | D:1      | Reached XP level 2. HP: 15/29 MP: 2/2
   353 | D:1      | Found a glowing golden altar of the Shining One.
  1246 | D:2      | Reached XP level 3. HP: 2/36 MP: 3/3
  1833 | D:2      | Reached XP level 4. HP: 44/44 MP: 4/4
  2747 | D:3      | Noticed Robin
  2777 | D:3      | Killed Robin
  2777 | D:3      | Reached XP level 5. HP: 37/50 MP: 5/5
  3038 | D:3      | Found a faded altar to an unknown god.
  3038 | D:3      | Noticed Natasha
  3045 | D:3      | Killed Natasha
  3045 | D:3      | Reached skill level 5 in Maces & Flails
  3045 | D:3      | Reached skill level 5 in Throwing
  3211 | D:3      | Noticed Natasha
  3219 | D:3      | Killed Natasha
  3382 | D:3      | Noticed Natasha
  3386 | D:3      | Killed Natasha
  3924 | D:4      | Noticed a phantom
  3938 | D:4      | Killed a phantom
  3938 | D:4      | Reached skill level 6 in Maces & Flails
  3938 | D:4      | Reached XP level 6. HP: 33/59 MP: 6/6
  3944 | D:4      | Got a heavily runed glass ring
  4076 | D:3      | Identified the cursed ring "Icyd Ubo" {rF+ MP+9 Str+2 Int-4 Dex-5} (You found it on level 4 of the Dungeon)
  4685 | D:3      | Reached skill level 7 in Maces & Flails
  4794 | D:4      | Got a twisted war axe
  4957 | D:4      | Reached XP level 7. HP: 42/66 MP: 7/7
  5482 | D:4      | Identified the +7 war axe "Iqisew" {chop, rF- MR+ Int+5 SInv} (You found it on level 4 of the Dungeon)
  5501 | D:5      | Entered Level 5 of the Dungeon
  5772 | D:5      | Reached skill level 8 in Maces & Flails
  6183 | D:5      | Noticed Britaniac's ghost (novice NaTm)
  6195 | D:5      | Killed Britaniac's ghost
  6195 | D:5      | Reached skill level 10 in Maces & Flails
  6195 | D:5      | Reached XP level 8. HP: 74/74 MP: 8/8
  7128 | D:6      | Noticed Sigmund
  7139 | D:6      | Killed Sigmund
  7139 | D:6      | Reached skill level 11 in Maces & Flails
  7200 | D:6      | Noticed Edmund
  7202 | D:6      | Killed Edmund
  7202 | D:6      | Reached XP level 9. HP: 76/80 MP: 9/9
  7234 | D:6      | Found a staircase to the Ecumenical Temple.
  7244 | Temple   | Entered the Ecumenical Temple
  7252 | Temple   | Became a worshipper of Trog the Wrathful
  7920 | D:7      | Reached skill level 12 in Maces & Flails
  8293 | D:7      | Found a shadowy altar of Dithmenos.
  8342 | D:7      | Noticed CrazyArbalest's ghost (novice MiHu)
  8425 | D:7      | Noticed Menkaure
  8518 | D:7      | Found Jagahunt's Magic Scroll Shop.
  8523 | D:7      | Killed Menkaure
  8537 | D:7      | Bought a scroll of enchant weapon for 112 gold pieces
  8537 | D:7      | Bought a scroll of identify for 30 gold pieces
  8611 | D:7      | Reached * piety under Trog
  8611 | D:7      | Reached skill level 13 in Maces & Flails
  8848 | D:7      | Killed CrazyArbalest's ghost
  8848 | D:7      | Reached skill level 14 in Maces & Flails
  8848 | D:7      | Reached XP level 10. HP: 64/88 MP: 10/10
  9206 | D:7      | Found a glowing silver altar of Zin.
  9206 | D:7      | Found a stormy altar of Qazlal.
  9206 | D:7      | Found an opulent altar of Gozag.
  9206 | D:7      | Found an iron altar of Okawaru.
  9215 | D:7      | Found a white marble altar of Elyvilon.
  9220 | D:7      | Found a basalt altar of Yredelemnul.
 11093 | D:9      | Reached skill level 15 in Maces & Flails
 11102 | D:9      | Reached ** piety under Trog
 11533 | D:9      | Reached skill level 10 in Throwing
 12300 | D:9      | Reached skill level 1 in Armour
 12439 | D:10     | Entered Level 10 of the Dungeon
 12445 | D:10     | Found a staircase to the Orcish Mines.
 12654 | D:10     | Reached XP level 11. HP: 87/100 MP: 11/11
 12741 | D:10     | Noticed Josephine
 12746 | D:10     | Reached skill level 16 in Maces & Flails
 12747 | D:10     | Killed Josephine
 12747 | D:10     | Reached skill level 5 in Fighting
 12985 | D:10     | Found a deep blue altar of Sif Muna.
 13479 | D:10     | Noticed an unseen horror
 13482 | D:10     | Killed an unseen horror
 13488 | D:10     | Reached *** piety under Trog
 13978 | D:11     | Noticed a hill giant
 13980 | D:11     | Received a gift from Trog
 13987 | D:11     | Killed a hill giant
 13994 | D:11     | You fall through a shaft for 3 floors!
 14135 | D:13     | Found a gate to the Vaults.
 14135 | D:13     | Noticed an enchanted long sword
 14135 | D:13     | Noticed an enchanted long sword
 14146 | D:13     | HP: 5/105 [something (9)]
 14494 | D:12     | Reached skill level 17 in Maces & Flails
 14505 | D:11     | Found a staircase to the Lair.
 14507 | D:11     | Found a portal to a secret trove of treasure.
 14802 | D:11     | Found Tiwukual's Distillery.
 14806 | D:11     | Bought a potion of beneficial mutation for 455 gold pieces
 14806 | D:11     | Gained mutation: You have a pair of small horns on your head. [potion of beneficial mutation]
 15213 | D:11     | Noticed an eight-headed hydra
 15233 | D:11     | Killed an eight-headed hydra
 15246 | D:11     | Noticed an eight-headed hydra
 15258 | D:11     | Killed an eight-headed hydra
 15258 | D:11     | Reached skill level 5 in Armour
 15258 | D:11     | Reached XP level 12. HP: 119/119 MP: 12/12
 15404 | D:11     | Reached **** piety under Trog
 15590 | D:11     | Noticed a centaur warrior
 15605 | D:11     | Killed a centaur warrior
 16136 | D:13     | Found a shattered altar of Ashenzari.
 16211 | D:13     | Noticed a centaur warrior
 16230 | D:13     | Killed a centaur warrior
 16322 | D:13     | Killed an enchanted long sword
 16613 | D:13     | Noticed a tengu warrior
 16622 | D:13     | Killed a tengu warrior
 16627 | D:13     | Killed an enchanted long sword
 16741 | D:13     | Noticed an unseen horror
 16746 | D:13     | Killed an unseen horror
 16746 | D:13     | Reached skill level 18 in Maces & Flails
 16915 | D:13     | Found a burning altar of Makhleb.
 16915 | D:13     | Noticed an Executioner
 17085 | Lair:1   | Entered Level 1 of the Lair of Beasts
 17290 | Lair:1   | Received a gift from Trog
 17471 | Lair:1   | Reached skill level 10 in Fighting
 17551 | Lair:1   | Reached XP level 13. HP: 100/133 MP: 13/13
 17659 | Lair:1   | Received a gift from Trog
 18725 | Lair:2   | Noticed Sonja
 18755 | Lair:2   | Killed Sonja
 18755 | Lair:2   | Reached ***** piety under Trog
 19543 | Lair:3   | Received a gift from Trog
 20387 | Lair:4   | Found a staircase to the Swamp.
 20679 | Lair:4   | Found a frozen archway.
 21025 | Lair:4   | Received a gift from Trog
 21215 | Lair:4   | Reached skill level 19 in Maces & Flails
 22295 | Lair:5   | Reached skill level 10 in Armour
 22522 | Lair:6   | Found a hole to the Spider Nest.
 22531 | Lair:6   | Received a gift from Trog
 22586 | Lair:6   | Reached XP level 14. HP: 147/149 MP: 14/14
 23219 | Lair:6   | Received a gift from Trog
 24735 | Lair:7   | Received a gift from Trog
 25162 | Lair:7   | Received a gift from Trog
 25201 | Lair:7   | Noticed Snorg
 25211 | Lair:7   | Killed Snorg
 25472 | Lair:7   | Found a viscous altar of Jiyva.
 25472 | Lair:7   | Found a staircase to the Slime Pits.
 25690 | Lair:8   | Entered Level 8 of the Lair of Beasts
 26193 | Lair:8   | Reached XP level 15. HP: 155/161 MP: 8/15
 27063 | Lair:8   | Received a gift from Trog
 27416 | Lair:8   | Received a gift from Trog
 27938 | Lair:8   | Identified a scroll of acquirement
 27939 | Lair:8   | Got a steaming hat
 27945 | Lair:8   | Identified the +1 hat "Biuqui" {Dex+2} (You acquired it on level 8 of the Lair of Beasts)
 28367 | Lair:8   | Got a steaming pewter ring
 28378 | Lair:8   | Identified the ring of Adoav {Fire MR+ Dex+4} (You found it on level 8 of the Lair of Beasts)
 28874 | Orc:1    | Entered Level 1 of the Orcish Mines
 28988 | Orc:1    | Reached skill level 5 in Dodging
 29193 | Orc:1    | Found Paschuass's Food Emporium.
 29346 | Orc:2    | Received a gift from Trog
 29825 | Orc:2    | Found a roughly hewn altar of Beogh.
 29832 | Orc:2    | Noticed Nergalle
 29842 | Orc:2    | Killed Nergalle
 30161 | Orc:3    | Noticed puimuR's ghost (journeyman DsBe)
 30165 | Orc:3    | Noticed Rupert
 30237 | Orc:3    | Paralysed by Rupert for 2 turns
 30243 | Orc:3    | Killed Rupert
 30243 | Orc:3    | Reached skill level 15 in Fighting
 30430 | Orc:3    | Killed puimuR's ghost
 30430 | Orc:3    | Reached XP level 16. HP: 164/176 MP: 8/16
 30650 | Orc:3    | Noticed Maurice
 30656 | Orc:3    | Killed Maurice
 30738 | Orc:3    | Received a gift from Trog
 30947 | Orc:4    | Entered Level 4 of the Orcish Mines
 30988 | Orc:4    | Received a gift from Trog
 31345 | Orc:4    | Found a staircase to the Elven Halls.
 31542 | Orc:4    | HP: 3/176 [sixfirhy[an orc high priest] (9)]
 31550 | Orc:4    | HP: 4/176 [sixfirhy[an orc high priest] (8)]
 31691 | Orc:3    | Received a gift from Trog
 31785 | Orc:4    | Reached skill level 20 in Maces & Flails
 31900 | Orc:4    | Found Vuha's Book Boutique.
 31900 | Orc:4    | Found Dibram's Gadget Shoppe.
 32292 | Orc:4    | Noticed Donald
 32324 | Orc:4    | Killed Donald
 32938 | Orc:4    | Found Paolaafid's Gadget Boutique.
 32938 | Orc:4    | Found Hafoco Nefub's Jewellery Shoppe.
 32947 | Orc:4    | Found a roughly hewn altar of Beogh.
 33159 | Orc:4    | Received a gift from Trog
 33477 | Orc:4    | Received a gift from Trog
 33648 | D:14     | Reached ****** piety under Trog
 33648 | D:14     | Received a gift from Trog
 33651 | D:14     | Got a steaming giant club {god gift}
 33652 | D:14     | Identified the +9 giant club of Law {flame, rF+ rN+ Str+3} (Trog gifted it to you on level 14 of the Dungeon)
 33732 | D:14     | Noticed a hill giant
 33736 | D:14     | Killed a hill giant
 33786 | D:14     | Noticed an orc knight
 33788 | D:14     | Noticed Maud
 33788 | D:14     | Noticed a fire dragon
 33793 | D:14     | Noticed a salamander stormcaller
 33796 | D:14     | Killed an orc knight
 33800 | D:14     | Killed Maud
 33805 | D:14     | Killed a fire dragon
 33812 | D:14     | Killed a salamander stormcaller
 33901 | D:14     | Noticed a wizard
 33904 | D:14     | Killed a wizard
 33909 | D:14     | Noticed a harpy
 33916 | D:14     | Killed a harpy
 34218 | D:14     | Noticed a centaur warrior
 34220 | D:14     | Noticed a centaur warrior
 34222 | D:14     | Killed a centaur warrior
 34226 | D:14     | Killed a centaur warrior
 34227 | D:14     | Noticed an eight-headed hydra
 34228 | D:14     | Noticed an orc knight
 34231 | D:14     | Killed an eight-headed hydra
 34243 | D:14     | Killed an orc knight
 34322 | D:14     | Noticed a giant orange brain
 34328 | D:14     | Killed a giant orange brain
 34331 | D:14     | Noticed a deep elf conjurer
 34338 | D:14     | Killed a deep elf conjurer
 34396 | D:14     | Noticed a hill giant
 34401 | D:14     | Killed a hill giant
 34435 | D:14     | Noticed an unseen horror
 34440 | D:14     | Killed an unseen horror
 34858 | D:14     | Noticed a five-headed hydra
 34860 | D:14     | Killed a five-headed hydra
 34912 | D:15     | Entered Level 15 of the Dungeon
 34941 | D:15     | Noticed Azrael
 34954 | D:15     | Killed Azrael
 34963 | D:15     | Received a gift from Trog
 35774 | D:15     | Found a staircase to the Depths.
 35778 | D:15     | Reached XP level 17. HP: 189/189 MP: 17/17
 36009 | Swamp:1  | Entered Level 1 of the Swamp
 36449 | Swamp:1  | Got a slimy bone ring
 36462 | Swamp:1  | Identified the ring "Sowoelig" {SustAt *Corrode rF+ rN+ MR+} (You found it on level 1 of the Swamp)
 37032 | Swamp:1  | Received a gift from Trog
 37600 | Swamp:2  | Paralysed by a hornet for 4 turns
 40696 | Swamp:3  | Received a gift from Trog
 41056 | Swamp:4  | Entered Level 4 of the Swamp
 41678 | Swamp:4  | Reached XP level 18. HP: 186/205 MP: 18/18
 41696 | Swamp:4  | Noticed the 27-headed Lernaean hydra
 41704 | Swamp:4  | Killed the 26-headed Lernaean hydra
 42139 | Swamp:4  | Received a gift from Trog
 42139 | Swamp:4  | Reached skill level 15 in Throwing
 42468 | Swamp:4  | Received a gift from Trog
 42592 | Swamp:4  | Got a decaying rune of Zot
 43610 | Spider:1 | Entered Level 1 of the Spider Nest
 43899 | Spider:1 | Noticed Agnes
 43918 | Spider:1 | HP: 13/309 [demonic crawler (8)]
 43918 | Spider:1 | Mangled by Agnes

Action                   |  1- 3 |  4- 6 |  7- 9 | 10-12 | 13-15 | 16-18 || total
-------------------------+-------+-------+-------+-------+-------+-------++-------
Melee: Mace              |    93 |   221 |       |       |       |       ||   314
       Short sword       |     7 |       |       |       |       |       ||     7
       Flail             |       |     6 |    34 |       |       |       ||    40
       War axe           |       |       |    54 |    16 |       |    14 ||    84
       Dire flail        |       |       |   109 |   650 |   894 |       ||  1653
       Giant spiked club |       |       |       |       |   464 |   225 ||   689
       Giant club        |       |       |       |       |       |   722 ||   722
Throw: Large rock        |     4 |    10 |    24 |    33 |     6 |    35 ||   112
       Throwing net      |       |     2 |     5 |     3 |       |       ||    10
       Tomahawk          |       |       |     8 |    37 |    88 |    71 ||   204
       Javelin           |       |       |       |       |    27 |     9 ||    36
Invok: Berserk           |       |       |     1 |     6 |     2 |     6 ||    15
       Trog's Hand       |       |       |       |     3 |    14 |    17 ||    34
       Burn Spellbooks   |       |       |       |     1 |       |       ||     1
       Brothers in Arms  |       |       |       |       |       |     2 ||     2
Evoke: Wand              |       |       |       |     2 |     3 |     1 ||     6
  Use: Scroll            |       |       |     5 |    13 |    16 |     7 ||    41
       Potion            |       |       |       |     6 |     1 |     7 ||    14
 Stab: Sleeping          |     1 |     1 |       |       |       |       ||     2
       Held in net/web   |       |       |     1 |     1 |       |       ||     2
       Distracted        |       |       |       |     1 |       |     1 ||     2
       Invisible         |       |       |       |       |       |     1 ||     1
  Eat: Chunk             |     3 |    10 |     8 |    18 |    46 |    27 ||   112
       Bread ration      |       |       |     1 |     3 |     1 |     2 ||     7
       Fruit             |       |       |       |     1 |     4 |     3 ||     8
       Beef jerky        |       |       |       |     2 |       |     1 ||     3
       Pizza             |       |       |       |     1 |       |       ||     1
       Meat ration       |       |       |       |       |       |     2 ||     2
       Royal jelly       |       |       |       |       |       |     2 ||     2
